 Dungeon Sprint DCSS version 0.20-a0-507-gc86f373 (console) character file.

543 sorlin the Nimble (level 7, -1/44 HPs)
             Began as a Deep Elf Ice Elementalist on Jan 21, 2017.
             Was a Believer of Sif Muna.
             Shot with an arrow by a centaur warrior (10 damage)
             ... in the Dungeon (Sprint IX: "|||||||||||||||||||||||||||||").
             The game lasted 00:06:28 (926 turns).

sorlin the Nimble (Deep Elf Ice Elementalist)        Turns: 926, Time: 00:06:29

Health: -1/44      AC:  6    Str:  5    XL:     7   Next: 6%
Magic:  1/17       EV: 19    Int: 25    God:    Sif Muna [**....]
Gold:   0          SH:  0    Dex: 15    Spells: 9/17 levels left

rFire    . . .     SeeInvis .   a - staff of energy
rCold    . . .     Gourm    .   k - +0 robe
rNeg     . . .     Faith    .   (no shield)
rPois    .         Spirit   .   (no helmet)
rElec    .         Reflect  .   r - +0 cloak
rCorr    .         Harm     .   q - +0 pair of gloves
MR       .....     NoTele   +   (no boots)
Stlth    ++........             (no amulet)
Regen    0.2/turn               t - +2 ring of protection
                                s - +3 ring of intelligence

@: very slightly contaminated
A: no striking features
a: Divine Energy, Renounce Religion


You were in the Dungeon.
You worshipped Sif Muna.
Sif Muna was pleased with you.
You were not hungry.

You visited 1 branch


   Skills:
 + Level 5.3 Fighting
 + Level 9.9 Dodging
 - Level 2.4 Stealth
 + Level 5.5 Spellcasting
   Level 1.1 Conjurations
 - Level 7.1 Charms
 + Level 5.9 Summonings
 + Level 7.6 Ice Magic
 + Level 3.5 Evocations


You had 9 spell levels left.
You knew the following spells:

 Your Spells              Type           Power        Failure   Level  Hunger
a - Freeze                Ice            ####         1%          1    None
s - Summon Ice Beast      Ice/Summ       #####...     6%          4    None
z - Ozocubu's Armour      Chrm/Ice       #####...     1%          3    None

Inventory:

Hand Weapons
 b - a +2 rapier of electrocution
   (You found it in the Dungeon)
 o - the +4 quarterstaff "Kuggomij" {pain, SInv}
   (You found it in the Dungeon)

   In the hands of one skilled in necromantic magic, it inflicts extra damage on
   living creatures.
   It lets you see invisible.
Armour
 k - a +0 robe (worn)
 q - a +0 pair of gloves (worn)
 r - a +0 cloak (worn)
Magical Staves
 a - an uncursed staff of energy (weapon)
Jewellery
 s - a +3 ring of intelligence (left hand)
 t - a +2 ring of protection (right hand)
Wands
 n - a wand of iceblast (4/15)
Scrolls
 i - 2 scrolls of blinking
 l - 3 scrolls of remove curse
 m - 2 scrolls of amnesia
Potions
 d - 5 potions of curing
 g - 4 potions of magic {!q}
 j - 2 potions of heal wounds {!q}
Books
 p - a book of Frost

   Spells                             Type                      Level
   a - Freeze                         Ice                          1
   b - Throw Frost                    Conjuration/Ice              2
   c - Ozocubu's Armour               Charms/Ice                   3
   d - Throw Icicle                   Conjuration/Ice              4
   e - Summon Ice Beast               Ice/Summoning                4
Comestibles
 c - a bread ration {!e}


Message History

Your ice beast dies!
The slime creature hits your ice beast!
Your ice beast freezes the slime creature!
The slime creature hits your ice beast. The slime creature hits your ice beast!
Your ice beast freezes the slime creature!
Your ice beast freezes the slime creature!
The slime creature hits your ice beast!
Your ice beast dies!
The slime creature hits your ice beast!
Your ice beast freezes the slime creature!
The slime creature dies!
Sif Muna accepts your kill.
Your Spellcasting skill increases to level 5!
Your Evocations skill increases to level 3!
Your ice beast freezes the centaur warrior!
The centaur warrior wields a shortbow.
The centaur warrior shoots an arrow.
The arrow hits you!!
The centaur warrior shoots an arrow.
The arrow hits your ice beast!!
Your ice beast dies!
You take 18 damage.
Evoke which item? (* to show all) (? for menu, Esc to quit)
Aiming: Iceblast
Aim: a centaur warrior, wielding a shortbow (lightly wounded)
The mass of ice explodes!
The iceblast engulfs the centaur warrior.
The centaur warrior is moderately wounded.
The iceblast engulfs the scorpion.
The scorpion is almost dead.
This wand has 6 charges left.
The centaur warrior shoots an arrow.
The arrow misses you.
Evoke which item? (* to show all) (? for menu, Esc to quit)
Aiming: Iceblast
Aim: a centaur warrior, wielding a shortbow (moderately wounded)
The mass of ice explodes!
The iceblast engulfs the centaur warrior.
The centaur warrior is heavily wounded.
The iceblast engulfs the scorpion.
You kill the scorpion!
Sif Muna accepts your kill.
You have reached level 7!
This wand has 5 charges left.
Evoke which item? (* to show all) (? for menu, Esc to quit)
Aiming: Iceblast
Aim: a centaur warrior, wielding a shortbow (heavily wounded)
The mass of ice explodes!
The iceblast engulfs the centaur warrior.
The centaur warrior is almost dead.
This wand has 4 charges left.
The centaur warrior shoots an arrow.
The arrow hits you!
* * * LOW HITPOINT WARNING * * *
The centaur warrior shoots an arrow.
The arrow hits you!
You die... █.█ █a█ █.█ █a█ █.█ █a█ █c█

█.█
█.█
█.█
█@█
█÷█
█(█
█.█
█.█
█[█
█.█
█.█
█)█
█)█
█.█


You could see a centaur warrior, a soldier ant and a worker ant.

Vanquished Creatures
  A hippogriff (D)
  A bullfrog (D)
  2 scorpions (D)
  An orc wizard (D)
  A gnoll shaman (D)
  A hound (D)
  A worker ant (D)
  An adder zombie (D)
  A bat (D)
  A bat zombie (D)
  A giant cockroach (D)
  A jackal (D)
  A quokka (D)
  A ball python (D)
  A frilled lizard (D)
  A kobold (D)
17 creatures vanquished.

Vanquished Creatures (collateral kills)
  A slime creature (D)
1 creature vanquished.

Grand Total: 18 creatures vanquished

Notes
Turn   | Place    | Note
-------+----------+-------------------------------------------
     0 | D        | sorlin the Deep Elf Ice Elementalist began the quest for the Orb.
     0 | D        | Reached XP level 1. HP: 10/10 MP: 6/6
    12 | D        | Reached skill level 3 in Dodging
    13 | D        | Reached skill level 4 in Ice Magic
    24 | D        | HP: 3/10 [bat (1)]
    31 | D        | HP: 1/10 [bat (1)]
   406 | D        | Noticed a gnoll shaman
   406 | D        | Noticed a hound
   406 | D        | Noticed an orc wizard
   412 | D        | HP: 4/15 [adder zombie (3)]
   413 | D        | Reached skill level 4 in Dodging
   413 | D        | Reached XP level 2. HP: 6/15 MP: 8/8
   417 | D        | Reached skill level 5 in Dodging
   417 | D        | Reached skill level 6 in Ice Magic
   417 | D        | Reached XP level 3. HP: 5/19 MP: 9/9
   417 | D        | HP: 1/28 [hound (4)]
   421 | D        | Reached skill level 1 in Fighting
   421 | D        | Reached skill level 6 in Dodging
   427 | D        | Reached XP level 4. HP: 25/26 MP: 8/10
   429 | D        | Reached skill level 2 in Fighting
   429 | D        | Reached skill level 7 in Dodging
   429 | D        | Reached skill level 7 in Ice Magic
   461 | D        | Learned a level 3 spell: Ozocubu's Armour
   466 | D        | Learned a level 4 spell: Summon Ice Beast
   466 | D        | Found a roughly hewn altar of Beogh.
   466 | D        | Found a snail-covered altar of Cheibriados.
   466 | D        | Found a shadowy altar of Dithmenos.
   466 | D        | Found a white marble altar of Elyvilon.
   466 | D        | Found a blossoming altar of Fedhas.
   466 | D        | Found an opulent altar of Gozag.
   467 | D        | Found a hazy altar of Hepliaklqana.
   468 | D        | Found a viscous altar of Jiyva.
   469 | D        | Found an ancient bone altar of Kikubaaqudgha.
   470 | D        | Found a corrupted altar of Lugonu.
   471 | D        | Found a burning altar of Makhleb.
   472 | D        | Found a sparkling altar of Nemelex Xobeh.
   473 | D        | Found an iron altar of Okawaru.
   474 | D        | Found a stormy altar of Qazlal.
   475 | D        | Found a sacrificial altar of Ru.
   476 | D        | Found a deep blue altar of Sif Muna.
   477 | D        | Found a bloodstained altar of Trog.
   478 | D        | Found a hide-covered altar of Uskayaw.
   479 | D        | Found a radiant altar of Vehumet.
   480 | D        | Found a shimmering altar of Xom.
   481 | D        | Found a basalt altar of Yredelemnul.
   482 | D        | Found a glowing silver altar of Zin.
   483 | D        | Found a glowing golden altar of the Shining One.
   484 | D        | Became a worshipper of Sif Muna the Loreminder
   506 | D        | Got the +4 quarterstaff "Kuggomij" {pain, SInv}
   537 | D        | Noticed a bullfrog
   537 | D        | Noticed a hippogriff
   550 | D        | Killed a hippogriff
   550 | D        | Reached * piety under Sif Muna
   550 | D        | Reached skill level 4 in Fighting
   550 | D        | Reached skill level 9 in Dodging
   550 | D        | Reached skill level 6 in Charms
   550 | D        | Reached skill level 4 in Summonings
   550 | D        | Reached XP level 5. HP: 19/34 MP: 8/11
   550 | D        | Reached XP level 6. HP: 21/39 MP: 8/12
   556 | D        | Reached skill level 5 in Summonings
   556 | D        | Reached skill level 1 in Evocations
   561 | D        | Reached ** piety under Sif Muna
   561 | D        | Reached skill level 4 in Spellcasting
   561 | D        | Reached skill level 7 in Charms
   561 | D        | Reached skill level 2 in Evocations
   568 | D        | Reached skill level 5 in Fighting
   911 | D        | Noticed a soldier ant
   911 | D        | Noticed a centaur warrior
   911 | D        | Noticed a slime creature
   921 | D        | Killed a slime creature
   921 | D        | Reached skill level 5 in Spellcasting
   921 | D        | Reached skill level 3 in Evocations
   925 | D        | Reached XP level 7. HP: 25/44 MP: 1/17
   926 | D        | HP: 9/44 [centaur warrior/arrow (16)]
   926 | D        | Shot with an arrow by a centaur warrior

Vault maps used:
D:        linesprint

Action                   |  1- 3 |  4- 6 |  7- 9 || total
-------------------------+-------+-------+-------++-------
Melee: Unarmed           |    18 |       |       ||    18
       Dagger            |    18 |       |       ||    18
       Rapier            |       |    25 |       ||    25
 Cast: Freeze            |     7 |     3 |       ||    10
       Ozocubu's Armour  |       |     1 |       ||     1
       Summon Ice Beast  |       |     3 |       ||     3
Evoke: Wand              |       |     1 |     2 ||     3
  Use: Potion            |     2 |     2 |       ||     4
 Stab: Invisible         |       |     3 |       ||     3
Armor: Robe              |     8 |     2 |       ||    10
Dodge: Dodged            |    33 |    36 |       ||    69
